 Dungeon Crawl Stone Soup version 0.21-a0-434-g806c6c2 (webtiles) character file.

18 mhoghedin the Insei (level 2, 21/21 HPs)
             Began as a Barachi Transmuter on Nov 8, 2017.
             Quit the game on level 1 of the Dungeon.
             The game lasted 00:01:58 (999 turns).

mhoghedin the Insei (Barachi Transmuter)             Turns: 999, Time: 00:01:59

Health: 21/21      AC:  2    Str: 11    XL:     2   Next: 66%
Magic:  5/5        EV: 12    Int: 13    God:
Gold:   70         SH:  0    Dex: 12    Spells: 4/5 levels left

rFire    . . .     SeeInvis .     - Unarmed
rCold    . . .     Gourm    .   (no shield)
rNeg     . . .     Faith    .   b - +0 robe
rPois    .         Spirit   .   (no helmet)
rElec    .         Reflect  .   (no cloak)
rCorr    .         Harm     .   (no gloves)
MR       .....                  (no boots)
Stlth    ..........             (no amulet)
HPRegen  0.07/turn              g - ring of loudness (curse) {Stlth-}
MPRegen  0.09/turn              (no ring)

@: slow
A: +LOS, swims, slowness 1, strong legs 1
a: Hop


You were on level 1 of the Dungeon.
You were not hungry.

You visited 1 branch of the dungeon, and saw 1 of its levels.

You collected 70 gold pieces.

Inventory:

Missiles
 a - 12 arrows
Armour
 b - a +0 robe (worn)
Jewellery
 g - a cursed ring of loudness (left hand) {Stlth-}
   (You found it on level 1 of the Dungeon)
Scrolls
 f - a scroll of immolation {unknown}
 h - a scroll of blinking {unknown}
 i - a scroll of recharging {unknown}
 m - a scroll of enchant weapon {unknown}
Potions
 e - a potion of heal wounds {unknown}
 k - a potion of might {unknown}
Books
 c - a book of Changes
Comestibles
 d - 2 bread rations {@e1}
 j - a meat ration {@e2}
 l - a chunk of flesh {@w0}


   Skills:
 - Level 1.2 Fighting
 - Level 2.1 Dodging
 + Level 3.8 Unarmed Combat
 - Level 2.1 Spellcasting
 + Level 2.9 Transmutations


You had 4 spell levels left.
You knew the following spells:

 Your Spells              Type           Power        Failure   Level  Hunger
a - Beastly Appendage     Tmut           #.....       8%          1    ##.....


Dungeon Overview and Level Annotations

Branches:
Dungeon (1/15)

Altars:


Innate Abilities, Weirdness & Mutations

Shadows flee at your approach. (+LOS)
You can swim through water.
You cover ground slowly.
You can hop short distances.


Message History

Found a stone staircase leading down.
A bat comes into view.
The bat moves out of view.
A bat is nearby!
A bat is nearby!
The bat hits you but does no damage.
You barely miss the bat. The bat hits you but does no damage.
The bat closely misses you. The bat barely misses you.
You hit the bat. The bat barely misses you. x2
The bat hits you but does no damage. The bat closely misses you.
No target in view!
No target in view!
No target in view!
No target in view!
No target in view!
No target in view!
No target in view!
No target in view!
No target in view!
No target in view!
No target in view!
No target in view!
Memorise Sticks to Snakes, consuming 2 spell levels and leaving 2?
The bat completely misses you.
You start memorising the spell.
You continue memorising.
The bat closely misses you.
You continue memorising.
The bat closely misses you. The bat hits you.
Your memorisation is interrupted.
You take 1 damage, and have 15/21 hp.
The bat misses you. The bat closely misses you.
You hit the bat.
You kill the bat!
No target in view!
No target in view!
No target in view!
No target in view!
No target in view!
No target in view!
No target in view!
No target in view!
Unknown command.
Unknown command.
Unknown command.
Unknown command.
Unknown command.
Unknown command.
You see here a bat corpse.
You butcher the bat corpse.
l - a chunk of flesh {@w0} You start resting.
Health restored: 21
m - a scroll labeled YDOOMI NOEST
d - 2 bread rations {@e1} (gained 1)
A hobgoblin comes into view. It is wielding a club.
The hobgoblin shouts!
A hobgoblin is nearby!
A hobgoblin is nearby!
A hobgoblin is nearby!
You barely miss the hobgoblin. The hobgoblin hits you with a club.
You take 5 damage, and have 16/21 hp.
MASSIVE DAMAGE!!
Unknown command.
You miscast Beastly Appendage.
You are very lightly contaminated with residual magic.
Nothing appears to happen.
The hobgoblin closely misses you.
You now have 4/5 mp.
Your feet morph into talons.
The hobgoblin hits you with a club.
You take 4 damage, and have 12/21 hp.
You now have 3/5 mp.
Unknown command.
You barely miss the hobgoblin. Your kick misses the hobgoblin.
The hobgoblin closely misses you.
You hit the hobgoblin. You claw the hobgoblin.
You kill the hobgoblin!
Things that are here:
a club; a hobgoblin corpse You butcher the hobgoblin corpse.
l - 3 chunks of flesh {@w0} (gained 2)
Things that are here:
a club; a hobgoblin skeleton You start resting.
Your transformation is almost over.
You start resting.
Your talons disappear.
Unknown command.
You start resting.
Your magical contamination has completely faded away.
You start resting.
Some of the chunks of flesh in your inventory have rotted away.
Health restored: 21; MP restored: 5 Unknown command.
You start waiting.
Eating one of 2 chunks of flesh {@w0}.
You eat one of the 2 chunks of flesh {@w0}.
Done waiting.
Unknown command.
Unknown command.
Okay, then.
Unknown command.
Unknown command.

............###.#
##.[......###...#
#.............##############.#
######.####..................#
#######.###..######.#.....#######
........##..## ####.#####........
....)...##.#####....# ####..###
###..#.......##.)### #...##
##..###.#..#....@..#######.###
#..## #...###...##.........######
#.## #...###.### ###............
#.# #.......# #..#####......
#.#####.#..#### #. #...#####
#.#........# ##.### ....###.##.#
##.####..# ..####).##.#####
#.......########
..........................)......


There were no monsters in sight!

Vanquished Creatures
  A dart slug (D:1)
  A bat (D:1)
  A goblin (D:1)
  4 hobgoblins (D:1)
  2 jackals (D:1)
  A ball python (D:1)
  A frilled lizard (D:1)
  A kobold (D:1)
  3 rats (D:1)
15 creatures vanquished.

Notes
Turn   | Place    | Note
-------+----------+-------------------------------------------
     0 | D:1      | mhoghedin the Barachi Transmuter began the quest for the Orb.
     0 | D:1      | Reached XP level 1. HP: 15/15 MP: 3/3
   268 | D:1      | Reached XP level 2. HP: 11/21 MP: 3/5
   999 | D:1      | Quit the game

Vault maps used:
D:1:      dpeg_arrival_erosion

Action                   || total
-------------------------++-------
Melee: Unarmed           ||    48
       Kick              ||     5
       Headbutt          ||     1
       Punch             ||     3
 Cast: Beastly Appendage ||     8
  Eat: Chunk             ||     1
Armor: Robe              ||     9
Dodge: Dodged            ||    40

Table legend:
 A = Spawn XP
 B = Non-spawn XP
 C = Spawn XP percentage of total XP
 D = Spawn monster count
 E = Non-spawn monster count
 F = Spawn count percentage of total count
 G = Total turns spent on level
                    A         B        C        D         E        F      G
               +---------+---------+-------+---------+---------+-------+---------
         Total |       0 |      26 |   0.0 |       0 |      15 |   0.0 |   999
               +---------+---------+-------+---------+---------+-------+---------
           D:1 |       0 |      26 |   0.0 |       0 |      15 |   0.0 |   999
               +---------+---------+-------+---------+---------+-------+---------

Vault maps used:
D:1:      dpeg_arrival_erosion

Table legend:
 A = Turns spent in this place as a percentage of turns spent in the entire game.
 B = Non-inter-level travel turns spent in this place as a percentage of non-inter-level travel turns spent in the entire game.
 C = Inter-level travel turns spent in this place as a percentage of turns spent in this place.
 D = Turns resting spent in this place as a percentage of non-inter-level travel turns spent in this place.
 E = Turns spent auto-exploring this place as a percentage of non-inter-level travel turns spent in this place.
 F = Non-inter-level travel turns spent in this place divided by the number of levels of this place that you've seen.
                   A       B       C       D       E      F
               +-------+-------+-------+-------+-------+----------------------
         Total | 100.0 | 100.0 |   0.0 |  63.7 |  23.6 | 999.0
       Dungeon | 100.0 | 100.0 |   0.0 |  63.7 |  23.6 | 999.0
               +-------+-------+-------+-------+-------+----------------------

Table legend:
 A = Kills in this place as a percentage of kills in entire the game.
 B = Kills by you in this place as a percentage of kills by you in the entire game.
 C = Kills by friends in this place as a percentage of kills by friends in the entire game.
 D = Other kills in this place as a percentage of other kills in the entire game.
 E = Experience gained in this place as a percentage of experience gained in the entire game.
 F = Experience gained in this place divided by the number of levels of this place that you have seen.
                   A       B       C       D       E      F
               +-------+-------+-------+-------+-------+----------------------
         Total | 100.0 | 100.0 |   N/A |   N/A | 100.0 |  26.0
       Dungeon | 100.0 | 100.0 |   N/A |   N/A | 100.0 |  26.0
               +-------+-------+-------+-------+-------+----------------------
